Workbook

Sheet Listing Macro
A1: Application.Calculation = xlManual | G1: tout | H1: oui | I1: =+A1 -> Application.Calculation = xlManual
G2: tout | H2: oui | I2: Workbooks.Open Filename:="K:\DIDIER D\Modele cadrage DD.xlsx"
G3: tout | H3: oui | I3: Windows("CADTVA.xlsm").Activate | L3: Mets ici tes initiales pour reconnaitre tes fichiers de cadrages
A4: Sheets("CA par taux").Select | G4: =+LISTE!$A$3 -> 427 | H4: =+VLOOKUP(G:G,LISTE!$A:$CY,26,0) -> 0 | I4: =+A4 -> Sheets("CA par taux").Select | L4: DD | M4: =+VLOOKUP(TVA!B4,'Listing Macro'!$N$4:$Q$15,2,0) -> 06 | N4: JANVIER | O4: 01
A5: Rows("5401:5450").Select | G5: =+G4 -> 427 | H5: =+VLOOKUP(G:G,[1]LISTE!$A:$BZ,26,0) -> non | I5: =+LEFT(A5,10)&VLOOKUP(G:G,LISTE!$A:$BG,28,0)&":"&VLOOKUP(G:G,LISTE!$A:$BG,29,0)&RIGHT(A5,9) -> Rows("4:184").Select | N5: FEVRIER | O5: 02
G6: =+G5 -> 427 | H6: =+VLOOKUP(G:G,[1]LISTE!$A:$BZ,26,0) -> non | I6: Selection.Copy | N6: MARS | O6: 03
G7: =+G6 -> 427 | H7: =+VLOOKUP(G:G,[1]LISTE!$A:$BZ,26,0) -> non | I7: Windows("Modele cadrage DD.xlsx").Activate | N7: AVRIL | O7: 04
A8: Sheets("CA par taux").Select | G8: =+G7 -> 427 | H8: =+VLOOKUP(G:G,[1]LISTE!$A:$BZ,26,0) -> non | I8: =+I4 -> Sheets("CA par taux").Select | N8: MAI | O8: 05
G9: =+G8 -> 427 | H9: =+VLOOKUP(G:G,[1]LISTE!$A:$BZ,26,0) -> non | I9: Range("A4").PasteSpecial Paste:=xlPasteValues | N9: JUIN | O9: 06
G10: =+G9 -> 427 | H10: =+VLOOKUP(G:G,[1]LISTE!$A:$BZ,26,0) -> non | I10: Windows("Calcul Cadrages TVA DidierD 06 v3.xlsm").Activate | N10: JUILLET | O10: 07
A11: Sheets("HA intraco par taux").Select | G11: =+G10 -> 427 | H11: =+VLOOKUP(G:G,[1]LISTE!$A:$BZ,26,0) -> non | I11: =+A11 -> Sheets("HA intraco par taux").Select | N11: AOUT | O11: 08
A12: Rows("5401:5450").Select | G12: =+G11 -> 427 | H12: =+VLOOKUP(G:G,[1]LISTE!$A:$BZ,26,0) -> non | I12: =+LEFT(A12,10)&VLOOKUP(G:G,LISTE!$A:$BG,30,0)&":"&VLOOKUP(G:G,LISTE!$A:$BG,31,0)&RIGHT(A12,9) -> Rows("4:124").Select | N12: SEPTEMBRE | O12: 09
G13: =+G12 -> 427 | H13: =+VLOOKUP(G:G,[1]LISTE!$A:$BZ,26,0) -> non | I13: Selection.Copy | N13: OCTOBRE | O13: 10
G14: =+G13 -> 427 | H14: =+VLOOKUP(G:G,[1]LISTE!$A:$BZ,26,0) -> non | I14: Windows("Modele cadrage DD.xlsx").Activate | N14: NOVEMBRE | O14: 11
A15: Sheets("CA par taux").Select | G15: =+G14 -> 427 | H15: =+VLOOKUP(G:G,[1]LISTE!$A:$BZ,26,0) -> non | I15: =+I11 -> Sheets("HA intraco par taux").Select | N15: DECEMBRE | O15: 12
G16: =+G15 -> 427 | H16: =+VLOOKUP(G:G,[1]LISTE!$A:$BZ,26,0) -> non | I16: Range("A4").PasteSpecial Paste:=xlPasteValues
G17: =+G16 -> 427 | H17: =+VLOOKUP(G:G,[1]LISTE!$A:$BZ,26,0) -> non | I17: Windows("Calcul Cadrages TVA DidierD 06 v3.xlsm").Activate
A18: Rows("5401:5450").Select | G18: =+G17 -> 427 | H18: =+VLOOKUP(G:G,[1]LISTE!$A:$BZ,26,0) -> non | I18: =+A41 -> Sheets("COMPTA").Select
A19: Rows("5401:5450").Select | G19: =+G18 -> 427 | H19: =+VLOOKUP(G:G,[1]LISTE!$A:$BZ,26,0) -> non | I19: =+LEFT(A19,10)&VLOOKUP(G:G,LISTE!$A:$BG,32,0)&":"&VLOOKUP(G:G,LISTE!$A:$BG,33,0)&RIGHT(A19,9) -> Rows("10:194").Select
G20: =+G19 -> 427 | H20: =+VLOOKUP(G:G,[1]LISTE!$A:$BZ,26,0) -> non | I20: Selection.Copy
A21: Sheets("CA par taux").Select | G21: =+G20 -> 427 | H21: =+VLOOKUP(G:G,[1]LISTE!$A:$BZ,26,0) -> non | I21: Windows("Modele cadrage DD.xlsx").Activate
G22: =+G21 -> 427 | H22: =+VLOOKUP(G:G,[1]LISTE!$A:$BZ,26,0) -> non | I22: =+I18 -> Sheets("COMPTA").Select
G23: =+G22 -> 427 | H23: =+VLOOKUP(G:G,[1]LISTE!$A:$BZ,26,0) -> non | I23: Range("A10").PasteSpecial Paste:=xlPasteValues
A24: Sheets("CA3").Select | G24: =+G23 -> 427 | H24: =+VLOOKUP(G:G,[1]LISTE!$A:$BZ,26,0) -> non | I24: Windows("Calcul Cadrages TVA DidierD 06 v3.xlsm").Activate
A25: Rows("5401:5450").Select | G25: =+G24 -> 427 | H25: =+VLOOKUP(G:G,[1]LISTE!$A:$BZ,26,0) -> non | I25: =+A24 -> Sheets("CA3").Select
A26: Rows("5401:5450").Select | G26: =+G25 -> 427 | H26: =+VLOOKUP(G:G,[1]LISTE!$A:$BZ,26,0) -> non | I26: =+LEFT(A26,10)&VLOOKUP(G:G,LISTE!$A:$BY,34,0)&":"&VLOOKUP(G:G,LISTE!$A:$BY,35,0)&RIGHT(A26,9) -> Rows("2:52").Select
G27: =+G26 -> 427 | H27: =+VLOOKUP(G:G,[1]LISTE!$A:$BZ,26,0) -> non | I27: Selection.Copy
A28: Sheets("CA par taux").Select | G28: =+G27 -> 427 | H28: =+VLOOKUP(G:G,[1]LISTE!$A:$BZ,26,0) -> non | I28: Windows("Modele cadrage DD.xlsx").Activate
G29: =+G28 -> 427 | H29: =+VLOOKUP(G:G,[1]LISTE!$A:$BZ,26,0) -> non | I29: =+I25 -> Sheets("CA3").Select
G30: =+G29 -> 427 | H30: =+VLOOKUP(G:G,[1]LISTE!$A:$BZ,26,0) -> non | I30: Range("A2").PasteSpecial Paste:=xlPasteValues
A31: Sheets("CA3").Select | G31: =+G30 -> 427 | H31: =+VLOOKUP(G:G,[1]LISTE!$A:$BZ,26,0) -> non | I31: Windows("Calcul Cadrages TVA DidierD 06 v3.xlsm").Activate
A32: Sheets("TVA OPTIM").Select | G32: =+G31 -> 427 | H32: =+VLOOKUP(G:G,[1]LISTE!$A:$BZ,26,0) -> non | I32: =+A32 -> Sheets("TVA OPTIM").Select
A33: ActiveCell.FormulaR1C1 = "F77" | G33: =+G32 -> 427 | H33: =+VLOOKUP(G:G,[1]LISTE!$A:$BZ,26,0) -> non | I33: =+LEFT(A33,30)&G33&RIGHT(A33,1) -> ActiveCell.FormulaR1C1 = "427"
G34: =+G33 -> 427 | H34: =+VLOOKUP(G:G,[1]LISTE!$A:$BZ,26,0) -> non | I34: ActiveSheet.Calculate
G35: =+G34 -> 427 | H35: =+VLOOKUP(G:G,[1]LISTE!$A:$BZ,26,0) -> non | I35: Range("A1:N48").Select
G36: =+G35 -> 427 | H36: =+VLOOKUP(G:G,[1]LISTE!$A:$BZ,26,0) -> non | I36: Application.CutCopyMode = False
G37: =+G36 -> 427 | H37: =+VLOOKUP(G:G,[1]LISTE!$A:$BZ,26,0) -> non | I37: Selection.Copy
G38: =+G37 -> 427 | H38: =+VLOOKUP(G:G,[1]LISTE!$A:$BZ,26,0) -> non | I38: Windows("Modele cadrage DD.xlsx").Activate
A39: Sheets("CA par taux").Select | G39: =+G38 -> 427 | H39: =+VLOOKUP(G:G,[1]LISTE!$A:$BZ,26,0) -> non | I39: =+I32 -> Sheets("TVA OPTIM").Select
G40: =+G39 -> 427 | H40: =+VLOOKUP(G:G,[1]LISTE!$A:$BZ,26,0) -> non | I40: Range("A1").PasteSpecial Paste:=xlPasteValues
A41: Sheets("COMPTA").Select | G41: =+G40 -> 427 | H41: =+VLOOKUP(G:G,[1]LISTE!$A:$BZ,26,0) -> non | I41: Sheets("CA3").Select
A42: ActiveWorkbook.SaveAs Filename:= _ | G42: =+G41 -> 427 | H42: =+VLOOKUP(G:G,[1]LISTE!$A:$BZ,26,0) -> non | I42: =+A42 -> ActiveWorkbook.SaveAs Filename:= _
A43: "K:\FISCALITE\TVA\2018\01 - Cadrages TVA\06.2018\427 cadrage tva 06.2018 DD.xlsx" _ | G43: =+G42 -> 427 | H43: =+VLOOKUP(G:G,[1]LISTE!$A:$BZ,26,0) -> non | I43: =+LEFT(A43,49)&$M$4&".2018\"&G43&" - Cadrage CA + TVA "&$M$4&".2018 "&$L$4&RIGHT(A43,8) -> "K:\FISCALITE\TVA\2018\01 - Cadrages TVA\06.2018\427 - Cadrage CA + TVA 06.2018 DD.xlsx" _
G44: =+G43 -> 427 | H44: =+VLOOKUP(G:G,[1]LISTE!$A:$BZ,26,0) -> non | I44: , FileFormat:=xlOpenXMLWorkbook, CreateBackup:=False
G45: =+G44 -> 427 | H45: =+VLOOKUP(G:G,[1]LISTE!$A:$BZ,26,0) -> non | I45: ActiveWindow.Close
G46: =+G45 -> 427 | H46: =+VLOOKUP(G:G,[1]LISTE!$A:$BZ,26,0) -> non | I46: Workbooks.Open Filename:="K:\DIDIER D\fiscalite\Modele cadrage DD.xlsx"
A47: Sheets("CA par taux").Select | G47: =+G45 -> 427 | H47: =+VLOOKUP(G:G,[1]LISTE!$A:$BZ,26,0) -> non | I47: Windows("Calcul Cadrages TVA DidierD 06 v3.xlsm").Activate
A48: Sheets("CA par taux").Select | G48: =+[1]LISTE!$A$32 -> F77 | H48: =+VLOOKUP(G:G,[1]LISTE!$A:$BZ,26,0) -> non | I48: =+A48 -> Sheets("CA par taux").Select
A49: Rows("5401:5450").Select | G49: =+G48 -> F77 | H49: =+VLOOKUP(G:G,[1]LISTE!$A:$BZ,26,0) -> non | I49: =+LEFT(A49,10)&VLOOKUP(G:G,LISTE!$A:$BG,28,0)&":"&VLOOKUP(G:G,LISTE!$A:$BG,29,0)&RIGHT(A49,9) -> Rows("5801:5981").Select
G50: =+G49 -> F77 | H50: =+VLOOKUP(G:G,[1]LISTE!$A:$BZ,26,0) -> non | I50: Selection.Copy
G51: =+G50 -> F77 | H51: =+VLOOKUP(G:G,[1]LISTE!$A:$BZ,26,0) -> non | I51: Windows("Modele cadrage DD.xlsx").Activate
A52: Sheets("CA par taux").Select | G52: =+G51 -> F77 | H52: =+VLOOKUP(G:G,[1]LISTE!$A:$BZ,26,0) -> non | I52: =+I48 -> Sheets("CA par taux").Select
G53: =+G52 -> F77 | H53: =+VLOOKUP(G:G,[1]LISTE!$A:$BZ,26,0) -> non | I53: Range("A4").PasteSpecial Paste:=xlPasteValues
G54: =+G53 -> F77 | H54: =+VLOOKUP(G:G,[1]LISTE!$A:$BZ,26,0) -> non | I54: Windows("Calcul Cadrages TVA DidierD 06 v3.xlsm").Activate
A55: Sheets("HA intraco par taux").Select | G55: =+G54 -> F77 | H55: =+VLOOKUP(G:G,[1]LISTE!$A:$BZ,26,0) -> non | I55: =+A55 -> Sheets("HA intraco par taux").Select
A56: Rows("5401:5450").Select | G56: =+G55 -> F77 | H56: =+VLOOKUP(G:G,[1]LISTE!$A:$BZ,26,0) -> non | I56: =+LEFT(A56,10)&VLOOKUP(G:G,LISTE!$A:$BG,30,0)&":"&VLOOKUP(G:G,LISTE!$A:$BG,31,0)&RIGHT(A56,9) -> Rows("5801:5921").Select
G57: =+G56 -> F77 | H57: =+VLOOKUP(G:G,[1]LISTE!$A:$BZ,26,0) -> non | I57: Selection.Copy
G58: =+G57 -> F77 | H58: =+VLOOKUP(G:G,[1]LISTE!$A:$BZ,26,0) -> non | I58: Windows("Modele cadrage DD.xlsx").Activate
A59: Sheets("CA par taux").Select | G59: =+G58 -> F77 | H59: =+VLOOKUP(G:G,[1]LISTE!$A:$BZ,26,0) -> non | I59: =+I55 -> Sheets("HA intraco par taux").Select | K59: =+K58 -> 0
G60: =+G59 -> F77 | H60: =+VLOOKUP(G:G,[1]LISTE!$A:$BZ,26,0) -> non | I60: Range("A4").PasteSpecial Paste:=xlPasteValues
G61: =+G60 -> F77 | H61: =+VLOOKUP(G:G,[1]LISTE!$A:$BZ,26,0) -> non | I61: Windows("Calcul Cadrages TVA DidierD 06 v3.xlsm").Activate
A62: Rows("5401:5450").Select | G62: =+G61 -> F77 | H62: =+VLOOKUP(G:G,[1]LISTE!$A:$BZ,26,0) -> non | I62: =+A85 -> Sheets("COMPTA").Select
A63: Rows("5401:5450").Select | G63: =+G62 -> F77 | H63: =+VLOOKUP(G:G,[1]LISTE!$A:$BZ,26,0) -> non | I63: =+LEFT(A63,10)&VLOOKUP(G:G,LISTE!$A:$BG,32,0)&":"&VLOOKUP(G:G,LISTE!$A:$BG,33,0)&RIGHT(A63,9) -> Rows("5801:5985").Select
G64: =+G63 -> F77 | H64: =+VLOOKUP(G:G,[1]LISTE!$A:$BZ,26,0) -> non | I64: Selection.Copy
A65: Sheets("CA par taux").Select | G65: =+G64 -> F77 | H65: =+VLOOKUP(G:G,[1]LISTE!$A:$BZ,26,0) -> non | I65: Windows("Modele cadrage DD.xlsx").Activate
G66: =+G65 -> F77 | H66: =+VLOOKUP(G:G,[1]LISTE!$A:$BZ,26,0) -> non | I66: =+I62 -> Sheets("COMPTA").Select
G67: =+G66 -> F77 | H67: =+VLOOKUP(G:G,[1]LISTE!$A:$BZ,26,0) -> non | I67: Range("A10").PasteSpecial Paste:=xlPasteValues
A68: Sheets("CA3").Select | G68: =+G67 -> F77 | H68: =+VLOOKUP(G:G,[1]LISTE!$A:$BZ,26,0) -> non | I68: Windows("Calcul Cadrages TVA DidierD 06 v3.xlsm").Activate
A69: Rows("5401:5450").Select | G69: =+G68 -> F77 | H69: =+VLOOKUP(G:G,[1]LISTE!$A:$BZ,26,0) -> non | I69: =+A68 -> Sheets("CA3").Select
A70: Rows("5401:5450").Select | G70: =+G69 -> F77 | H70: =+VLOOKUP(G:G,[1]LISTE!$A:$BZ,26,0) -> non | I70: =+LEFT(A70,10)&VLOOKUP(G:G,LISTE!$A:$BY,34,0)&":"&VLOOKUP(G:G,LISTE!$A:$BY,35,0)&RIGHT(A70,9) -> Rows("5801:5851").Select
G71: =+G70 -> F77 | H71: =+VLOOKUP(G:G,[1]LISTE!$A:$BZ,26,0) -> non | I71: Selection.Copy
A72: Sheets("CA par taux").Select | G72: =+G71 -> F77 | H72: =+VLOOKUP(G:G,[1]LISTE!$A:$BZ,26,0) -> non | I72: Windows("Modele cadrage DD.xlsx").Activate
G73: =+G72 -> F77 | H73: =+VLOOKUP(G:G,[1]LISTE!$A:$BZ,26,0) -> non | I73: =+I69 -> Sheets("CA3").Select
G74: =+G73 -> F77 | H74: =+VLOOKUP(G:G,[1]LISTE!$A:$BZ,26,0) -> non | I74: Range("A2").PasteSpecial Paste:=xlPasteValues
A75: Sheets("CA3").Select | G75: =+G74 -> F77 | H75: =+VLOOKUP(G:G,[1]LISTE!$A:$BZ,26,0) -> non | I75: Windows("Calcul Cadrages TVA DidierD 06 v3.xlsm").Activate
A76: Sheets("TVA OPTIM").Select | G76: =+G75 -> F77 | H76: =+VLOOKUP(G:G,[1]LISTE!$A:$BZ,26,0) -> non | I76: =+A76 -> Sheets("TVA OPTIM").Select
A77: ActiveCell.FormulaR1C1 = "F77" | G77: =+G76 -> F77 | H77: =+VLOOKUP(G:G,[1]LISTE!$A:$BZ,26,0) -> non | I77: =+LEFT(A77,30)&G77&RIGHT(A77,1) -> ActiveCell.FormulaR1C1 = "F77"
G78: =+G77 -> F77 | H78: =+VLOOKUP(G:G,[1]LISTE!$A:$BZ,26,0) -> non | I78: ActiveSheet.Calculate
G79: =+G78 -> F77 | H79: =+VLOOKUP(G:G,[1]LISTE!$A:$BZ,26,0) -> non | I79: Range("A1:N48").Select
G80: =+G79 -> F77 | H80: =+VLOOKUP(G:G,[1]LISTE!$A:$BZ,26,0) -> non | I80: Application.CutCopyMode = False
G81: =+G80 -> F77 | H81: =+VLOOKUP(G:G,[1]LISTE!$A:$BZ,26,0) -> non | I81: Selection.Copy
G82: =+G81 -> F77 | H82: =+VLOOKUP(G:G,[1]LISTE!$A:$BZ,26,0) -> non | I82: Windows("Modele cadrage DD.xlsx").Activate
A83: Sheets("CA par taux").Select | G83: =+G82 -> F77 | H83: =+VLOOKUP(G:G,[1]LISTE!$A:$BZ,26,0) -> non | I83: =+I76 -> Sheets("TVA OPTIM").Select
G84: =+G83 -> F77 | H84: =+VLOOKUP(G:G,[1]LISTE!$A:$BZ,26,0) -> non | I84: Range("A1").PasteSpecial Paste:=xlPasteValues
A85: Sheets("COMPTA").Select | G85: =+G84 -> F77 | H85: =+VLOOKUP(G:G,[1]LISTE!$A:$BZ,26,0) -> non | I85: Sheets("CA3").Select
A86: ActiveWorkbook.SaveAs Filename:= _ | G86: =+G85 -> F77 | H86: =+VLOOKUP(G:G,[1]LISTE!$A:$BZ,26,0) -> non | I86: =+A86 -> ActiveWorkbook.SaveAs Filename:= _
A87: "K:\FISCALITE\TVA\2018\01 - Cadrages TVA\06.2018\427 cadrage tva 06.2018 DD.xlsx" _ | G87: =+G86 -> F77 | H87: =+VLOOKUP(G:G,[1]LISTE!$A:$BZ,26,0) -> non | I87: =+LEFT(A87,49)&$M$4&".2018\"&G87&" - Cadrage CA + TVA "&$M$4&".2018 "&$L$4&RIGHT(A87,8) -> "K:\FISCALITE\TVA\2018\01 - Cadrages TVA\06.2018\F77 - Cadrage CA + TVA 06.2018 DD.xlsx" _
G88: =+G87 -> F77 | H88: =+VLOOKUP(G:G,[1]LISTE!$A:$BZ,26,0) -> non | I88: , FileFormat:=xlOpenXMLWorkbook, CreateBackup:=False
G89: =+G88 -> F77 | H89: =+VLOOKUP(G:G,[1]LISTE!$A:$BZ,26,0) -> non | I89: ActiveWindow.Close
G90: =+G89 -> F77 | H90: =+VLOOKUP(G:G,[1]LISTE!$A:$BZ,26,0) -> non | I90: Workbooks.Open Filename:="K:\DIDIER D\fiscalite\Modele cadrage DD.xlsx"
A91: Sheets("CA par taux").Select | G91: =+G89 -> F77 | H91: =+VLOOKUP(G:G,[1]LISTE!$A:$BZ,26,0) -> non | I91: Windows("Calcul Cadrages TVA DidierD 06 v3.xlsm").Activate
A92: Sheets("CA par taux").Select | G92: =+[1]LISTE!$A$4 -> K32 | H92: =+VLOOKUP(G:G,[1]LISTE!$A:$BZ,26,0) -> oui | I92: =+A92 -> Sheets("CA par taux").Select
A93: Rows("5401:5450").Select | G93: =+G92 -> K32 | H93: =+VLOOKUP(G:G,[1]LISTE!$A:$BZ,26,0) -> oui | I93: =+LEFT(A93,10)&VLOOKUP(G:G,LISTE!$A:$BG,28,0)&":"&VLOOKUP(G:G,LISTE!$A:$BG,29,0)&RIGHT(A93,9) -> Rows("201:381").Select
G94: =+G93 -> K32 | H94: =+VLOOKUP(G:G,[1]LISTE!$A:$BZ,26,0) -> oui | I94: Selection.Copy
G95: =+G94 -> K32 | H95: =+VLOOKUP(G:G,[1]LISTE!$A:$BZ,26,0) -> oui | I95: Windows("Modele cadrage DD.xlsx").Activate
A96: Sheets("CA par taux").Select | G96: =+G95 -> K32 | H96: =+VLOOKUP(G:G,[1]LISTE!$A:$BZ,26,0) -> oui | I96: =+I92 -> Sheets("CA par taux").Select
G97: =+G96 -> K32 | H97: =+VLOOKUP(G:G,[1]LISTE!$A:$BZ,26,0) -> oui | I97: Range("A4").PasteSpecial Paste:=xlPasteValues
G98: =+G97 -> K32 | H98: =+VLOOKUP(G:G,[1]LISTE!$A:$BZ,26,0) -> oui | I98: Windows("Calcul Cadrages TVA DidierD 06 v3.xlsm").Activate
A99: Sheets("HA intraco par taux").Select | G99: =+G98 -> K32 | H99: =+VLOOKUP(G:G,[1]LISTE!$A:$BZ,26,0) -> oui | I99: =+A99 -> Sheets("HA intraco par taux").Select
A100: Rows("5401:5450").Select | G100: =+G99 -> K32 | H100: =+VLOOKUP(G:G,[1]LISTE!$A:$BZ,26,0) -> oui | I100: =+LEFT(A100,10)&VLOOKUP(G:G,LISTE!$A:$BG,30,0)&":"&VLOOKUP(G:G,LISTE!$A:$BG,31,0)&RIGHT(A100,9) -> Rows("201:321").Select
...

Sheet LISTE
AB1: Lignes Cadrages
AA2: TVA A FAIRE | AB2: CA par taux | AD2: HA Intraco | AF2: Compta | AH2: CA3
A3: 427 | AA3: =+VLOOKUP(A:A,[1]CA3!B:BE,56,0) -> non | AB3: 4 | AC3: =+AB3+180 -> 184 | AD3: =+AB3 -> 4 | AE3: =+AD3+120 -> 124 | AF3: 10 | AG3: =+AF3+184 -> 194 | AH3: 2 | AI3: =+AH3+50 -> 52
A4: K32 | AA4: =+VLOOKUP(A:A,[1]CA3!B:BE,56,0) -> oui | AB4: 201 | AC4: =+AB4+180 -> 381 | AD4: =+AB4 -> 201 | AE4: =+AD4+120 -> 321 | AF4: =+AD4 -> 201 | AG4: =+AF4+184 -> 385 | AH4: =+AB4 -> 201 | AI4: =+AH4+50 -> 251
A5: K46 | AA5: =+VLOOKUP(A:A,[1]CA3!B:BE,56,0) -> non | AB5: 401 | AC5: =+AB5+180 -> 581 | AD5: =+AB5 -> 401 | AE5: =+AD5+120 -> 521 | AF5: =+AD5 -> 401 | AG5: =+AF5+184 -> 585 | AH5: =+AB5 -> 401 | AI5: =+AH5+50 -> 451
A6: K49 | AA6: =+VLOOKUP(A:A,[1]CA3!B:BE,56,0) -> oui | AB6: 601 | AC6: =+AB6+180 -> 781 | AD6: =+AB6 -> 601 | AE6: =+AD6+120 -> 721 | AF6: =+AD6 -> 601 | AG6: =+AF6+184 -> 785 | AH6: =+AB6 -> 601 | AI6: =+AH6+50 -> 651
A7: K50 | AA7: =+VLOOKUP(A:A,[1]CA3!B:BE,56,0) -> oui | AB7: 801 | AC7: =+AB7+180 -> 981 | AD7: =+AB7 -> 801 | AE7: =+AD7+120 -> 921 | AF7: =+AD7 -> 801 | AG7: =+AF7+184 -> 985 | AH7: =+AB7 -> 801 | AI7: =+AH7+50 -> 851
A8: K54 | AA8: =+VLOOKUP(A:A,[1]CA3!B:BE,56,0) -> oui | AB8: 1001 | AC8: =+AB8+180 -> 1181 | AD8: =+AB8 -> 1001 | AE8: =+AD8+120 -> 1121 | AF8: =+AD8 -> 1001 | AG8: =+AF8+184 -> 1185 | AH8: =+AB8 -> 1001 | AI8: =+AH8+50 -> 1051
A9: K55 | AA9: =+VLOOKUP(A:A,[1]CA3!B:BE,56,0) -> oui | AB9: 1201 | AC9: =+AB9+180 -> 1381 | AD9: =+AB9 -> 1201 | AE9: =+AD9+120 -> 1321 | AF9: =+AD9 -> 1201 | AG9: =+AF9+184 -> 1385 | AH9: =+AB9 -> 1201 | AI9: =+AH9+50 -> 1251
A10: K57 | AA10: =+VLOOKUP(A:A,[1]CA3!B:BE,56,0) -> oui | AB10: 1401 | AC10: =+AB10+180 -> 1581 | AD10: =+AB10 -> 1401 | AE10: =+AD10+120 -> 1521 | AF10: =+AD10 -> 1401 | AG10: =+AF10+184 -> 1585 | AH10: =+AB10 -> 1401 | AI10: =+AH10+50 -> 1451
A11: K60 | AA11: =+VLOOKUP(A:A,[1]CA3!B:BE,56,0) -> oui | AB11: 1601 | AC11: =+AB11+180 -> 1781 | AD11: =+AB11 -> 1601 | AE11: =+AD11+120 -> 1721 | AF11: =+AD11 -> 1601 | AG11: =+AF11+184 -> 1785 | AH11: =+AB11 -> 1601 | AI11: =+AH11+50 -> 1651
A12: L37 | AA12: =+VLOOKUP(A:A,[1]CA3!B:BE,56,0) -> non | AB12: 1801 | AC12: =+AB12+180 -> 1981 | AD12: =+AB12 -> 1801 | AE12: =+AD12+120 -> 1921 | AF12: =+AD12 -> 1801 | AG12: =+AF12+184 -> 1985 | AH12: =+AB12 -> 1801 | AI12: =+AH12+50 -> 1851
A13: L92 | AA13: =+VLOOKUP(A:A,[1]CA3!B:BE,56,0) -> oui | AB13: 2001 | AC13: =+AB13+180 -> 2181 | AD13: =+AB13 -> 2001 | AE13: =+AD13+120 -> 2121 | AF13: =+AD13 -> 2001 | AG13: =+AF13+184 -> 2185 | AH13: =+AB13 -> 2001 | AI13: =+AH13+50 -> 2051
A14: N21 | AA14: =+VLOOKUP(A:A,[1]CA3!B:BE,56,0) -> non | AB14: 2201 | AC14: =+AB14+180 -> 2381 | AD14: =+AB14 -> 2201 | AE14: =+AD14+120 -> 2321 | AF14: =+AD14 -> 2201 | AG14: =+AF14+184 -> 2385 | AH14: =+AB14 -> 2201 | AI14: =+AH14+50 -> 2251
A15: P28 | AA15: =+VLOOKUP(A:A,[1]CA3!B:BE,56,0) -> oui | AB15: 2401 | AC15: =+AB15+180 -> 2581 | AD15: =+AB15 -> 2401 | AE15: =+AD15+120 -> 2521 | AF15: =+AD15 -> 2401 | AG15: =+AF15+184 -> 2585 | AH15: =+AB15 -> 2401 | AI15: =+AH15+50 -> 2451
... A34: W01 | AA34: =+VLOOKUP(A:A,[1]CA3!B:BE,56,0) -> non | AB34: 6201 | AC34: =+AB34+180 -> 6381 | AD34: =+AB34 -> 6201 | AE34: =+AD34+120 -> 6321 | AF34: =+AD34 -> 6201 | AG34: =+AF34+184 -> 6385 | AH34: =+AB34 -> 6201 | AI34: =+AH34+50 -> 6251
A39: 427
A40: E60
A41: F77
A42: K32
A43: K46
A44: K49
A45: K50
A46: K54
A47: K55
A48: K57
A49: K60
A50: L37
... A70: Y34

Sheet CA3
A2: Cadrage TVA | B2: =[1]COMPTA!A10 -> 427 | C2: =+B2 -> 427
C3: =+C2 -> 427
C4: =+C3 -> 427
A5: Déclarations CA3 | B5: TOTAL C.A. H.T. | C5: =+C4 -> 427
C6: =+C5 -> 427
B7: n° de ligne | C7: =+C6 -> 427
C8: =+C7 -> 427
A9: JANVIER | C9: =+C8 -> 427
A10: FEVRIER | C10: =+C9 -> 427
A11: MARS | C11: =+C10 -> 427
A12: AVRIL | C12: =+C11 -> 427
A13: MAI | C13: =+C12 -> 427
A14: JUIN | C14: =+C13 -> 427
A15: JUILLET | C15: =+C14 -> 427
A16: AOUT | C16: =+C15 -> 427
A17: SEPTEMBRE | C17: =+C16 -> 427
A18: OCTOBRE | C18: =+C17 -> 427
A19: NOVEMBRE | C19: =+C18 -> 427
A20: DECEMBRE | C20: =+C19 -> 427
C21: =+C20 -> 427
A22: TOTAL
C23: =+C22 -> 0
A24: CA comptabilisé à déclarer | C24: =+C23 -> 0
A25: Achats intraco à déclarer | C25: =+C24 -> 0
C26: =+C25 -> 0
A27: =+CONCATENATE("Ecart ",C27) -> Ecart 0 | C27: =+C26 -> 0
C28: =+C27 -> 0
A29: diff compta jaune | C29: =+C28 -> 0
C30: =+C29 -> 0
A31: diff rouge | C31: =+C30 -> 0
C32: =+C31 -> 0
C33: =+C32 -> 0
C34: =+C33 -> 0
C35: =+C34 -> 0
C36: =+C35 -> 0
C37: =+C36 -> 0
C38: =+C37 -> 0
C39: =+C38 -> 0
C40: =+C39 -> 0
C41: =+C40 -> 0
C42: =+C41 -> 0
C43: =+C42 -> 0
... C200: =+C199 -> 0
A201: Cadrage TVA | B201: =[1]COMPTA!A204 -> K32 | C201: =+B201 -> K32
C202: =+C201 -> K32
C203: =+C202 -> K32
A204: Déclarations CA3 | B204: TOTAL C.A. H.T. | C204: =+C203 -> K32
C205: =+C204 -> K32
B206: n° de ligne | C206: =+C205 -> K32
C207: =+C206 -> K32
A208: JANVIER | C208: =+C207 -> K32
A209: FEVRIER | C209: =+C208 -> K32
A210: MARS | C210: =+C209 -> K32
A211: AVRIL | C211: =+C210 -> K32
A212: MAI | C212: =+C211 -> K32
A213: JUIN | C213: =+C212 -> K32
A214: JUILLET | C214: =+C213 -> K32
A215: AOUT | C215: =+C214 -> K32
A216: SEPTEMBRE | C216: =+C215 -> K32
A217: OCTOBRE | C217: =+C216 -> K32
A218: NOVEMBRE | C218: =+C217 -> K32
A219: DECEMBRE | C219: =+C218 -> K32
C220: =+C219 -> K32
A221: TOTAL
C222: =+C221 -> 0
A223: CA comptabilisé à déclarer | C223: =+C222 -> 0
A224: Achats intraco à déclarer | C224: =+C223 -> 0
C225: =+C224 -> 0
A226: =+CONCATENATE("Ecart ",C226) -> Ecart 0 | C226: =+C225 -> 0
C227: =+C226 -> 0
A228: diff compta jaune | C228: =+C227 -> 0
C229: =+C228 -> 0
A230: diff rouge | C230: =+C229 -> 0
C231: =+C230 -> 0
C232: =+C231 -> 0
C233: =+C232 -> 0
C234: =+C233 -> 0
C235: =+C234 -> 0
C236: =+C235 -> 0
C237: =+C236 -> 0
C238: =+C237 -> 0
C239: =+C238 -> 0
C240: =+C239 -> 0
C241: =+C240 -> 0
C242: =+C241 -> 0
... C400: =+C399 -> 0
A401: Cadrage TVA | B401: =[1]COMPTA!A404 -> K46 | C401: =+B401 -> K46
C402: =+C401 -> K46
C403: =+C402 -> K46
A404: Déclarations CA3 | B404: TOTAL C.A. H.T. | C404: =+C403 -> K46
C405: =+C404 -> K46
B406: n° de ligne | C406: =+C405 -> K46
C407: =+C406 -> K46
A408: JANVIER | C408: =+C407 -> K46
A409: FEVRIER | C409: =+C408 -> K46
A410: MARS | C410: =+C409 -> K46
A411: AVRIL | C411: =+C410 -> K46
A412: MAI | C412: =+C411 -> K46
A413: JUIN | C413: =+C412 -> K46
A414: JUILLET | C414: =+C413 -> K46
...

Sheet COMPTA
C5: Total CA en compta (Balance)
A8: CODE SAP
B9: Libellé compte
A10: 427 | B10: VTES DECHETS | C10: 0
A11: 427 | B11: VTES DECHETS | C11: 0
A12: 427 | B12: PALETTE ET DECHETS | C12: 0
A13: 427 | B13: AUTRES PRESTATIONS | C13: 0
A14: 427 | B14: PREST. ADMINISTRATIV | C14: 0
A15: 427 | B15: PREST. ADMINISTRATIV | C15: 0
A16: 427 | B16: COUT VAR.PREST.LOG. | C16: 0
A17: 427 | B17: COUT VAR.PREST.LOG. | C17: 0
A18: 427 | B18: AUTR. REVENUS (FPLP) | C18: 0
A19: 427 | B19: SCI PREST. LOC. IMM. | C19: 0
A20: 427 | B20: SCI PREST. LOC. IMM. | C20: 0
A21: 427 | B21: VENTES MARCHANDISES | C21: 0
... A164: 427 | B164: TR.CH./RESTRUCTURAT. | C164: 0
A165: 427 | B165: 0 | C165: 0
A166: 427 | B166: 0 | C166: 0
A167: 427 | B167: 0 | C167: 0
A168: 427 | B168: 0 | C168: 0
A169: 427 | B169: 0 | C169: 0
A170: 427 | B170: 0 | C170: 0
A171: 427 | B171: 0 | C171: 0
A172: 427 | B172: 0 | C172: 0
A173: 427 | B173: 0 | C173: 0
A174: 427 | B174: 0 | C174: 0
A175: 427 | B175: 0 | C175: 0
A176: 427 | B176: 0 | C176: 0
... A179: 427 | B179: 0 | C179: 0
A180: 427
A181: 427
A182: 427 | B182: Total des comptes à déclarer
A183: 427
A184: 427
A185: 427 | C185: Ecart =
A186: 427 | C186: La Balance et le GL doivent être IDENTIQUES
A187: 427
A188: 427
A189: 427
A190: 427
A191: 427
A192: 427
A193: 427
A194: 427
A195: 427
A196: 427
A197: 427
A198: 427
... A200: 427
A201: K32 | B201: VTES DECHETS | C201: 0
A202: K32 | B202: VTES DECHETS | C202: 0
A203: K32 | B203: PALETTE ET DECHETS | C203: 0
A204: K32 | B204: AUTRES PRESTATIONS | C204: 0
A205: K32 | B205: PREST. ADMINISTRATIV | C205: 0
A206: K32 | B206: PREST. ADMINISTRATIV | C206: 0
A207: K32 | B207: COUT VAR.PREST.LOG. | C207: 0
A208: K32 | B208: COUT VAR.PREST.LOG. | C208: 0
A209: K32 | B209: AUTR. REVENUS (FPLP) | C209: 0
A210: K32 | B210: SCI PREST. LOC. IMM. | C210: 0
A211: K32 | B211: SCI PREST. LOC. IMM. | C211: 0
A212: K32 | B212: VENTES MARCHANDISES | C212: 0
... A355: K32 | B355: TR.CH./RESTRUCTURAT. | C355: 0
A356: K32 | B356: 0 | C356: 0
A357: K32 | B357: 0 | C357: 0
A358: K32 | B358: 0 | C358: 0
A359: K32 | B359: 0 | C359: 0
A360: K32 | B360: 0 | C360: 0
A361: K32 | B361: 0 | C361: 0
A362: K32 | B362: 0 | C362: 0
A363: K32 | B363: 0 | C363: 0
A364: K32 | B364: 0 | C364: 0
A365: K32 | B365: 0 | C365: 0
A366: K32 | B366: 0 | C366: 0
A367: K32 | B367: 0 | C367: 0
... A370: K32 | B370: 0 | C370: 0
A371: K32
A372: K32
A373: K32 | B373: Total des comptes à déclarer
A374: K32
A375: K32
A376: K32 | C376: Ecart =
A377: K32 | C377: La Balance et le GL doivent être IDENTIQUES
A378: K32
A379: K32
A380: K32
A381: K32
A382: K32
A383: K32
A384: K32
A385: K32
A386: K32
A387: K32
A388: K32
A389: K32
... A400: K32
A401: K46 | B401: VTES DECHETS | C401: 0
A402: K46 | B402: VTES DECHETS | C402: 0
A403: K46 | B403: PALETTE ET DECHETS | C403: 0
A404: K46 | B404: AUTRES PRESTATIONS | C404: 0
A405: K46 | B405: PREST. ADMINISTRATIV | C405: 0
...

Sheet HA intraco  par taux
B1: 2
B2: Code TVA
A4: =+'[1]CA par taux'!A4 -> 427 | B4: LOGICIELS
A5: =+'[1]CA par taux'!A5 -> 427 | B5: DROIT AU BAIL
A6: =+'[1]CA par taux'!A6 -> 427 | B6: FONDS DE COMMERCE
A7: =+'[1]CA par taux'!A4 -> 427 | B7: MAT.INDUST.COMMER.
A8: =+'[1]CA par taux'!A5 -> 427 | B8: I.A.A. FONC. DIVERS
A9: =+'[1]CA par taux'!A6 -> 427 | B9: I.A.A .DIV. TAXE PRO
A10: =+'[1]CA par taux'!A7 -> 427 | B10: MAT.INFORMATIQUE
A11: =+'[1]CA par taux'!A8 -> 427 | B11: MAT.MOB.BUREAU
A12: =+'[1]CA par taux'!A9 -> 427 | B12: ACOMPT. IMMOS CORPO.
A13: =+'[1]CA par taux'!A10 -> 427 | B13: ACOMPTES IMMO INCORP
A14: =+'[1]CA par taux'!A11 -> 427 | B14: ACH. MAT.CONSOMMABLE
A15: =+'[1]CA par taux'!A12 -> 427 | B15: ACHATS D'EMBALLAGES
A16: =+'[1]CA par taux'!A13 -> 427 | B16: VAR.STOCK MSES
A17: =+'[1]CA par taux'!A14 -> 427 | B17: STOCK MSES TRANSIT
A18: =+'[1]CA par taux'!A15 -> 427 | B18: VAR.STOCK ESSENCE
... A109: =+'[1]CA par taux'!A106 -> 427 | B109: PREST.SECURITE
A110: =+'[1]CA par taux'!A107 -> 427
A111: =+'[1]CA par taux'!A108 -> 427
A112: =+'[1]CA par taux'!A109 -> 427
A113: =+'[1]CA par taux'!A110 -> 427
A114: =+'[1]CA par taux'!A111 -> 427
A115: =+'[1]CA par taux'!A112 -> 427
A116: =+'[1]CA par taux'!A113 -> 427
A117: =+'[1]CA par taux'!A114 -> 427
A118: =+'[1]CA par taux'!A115 -> 427
A119: =+'[1]CA par taux'!A116 -> 427
A120: =+'[1]CA par taux'!A117 -> 427
A121: =+'[1]CA par taux'!A118 -> 427
... A200: =+'[1]CA par taux'!A197 -> 427
A201: =+'[1]CA par taux'!A201 -> K32 | B201: LOGICIELS
A202: =+'[1]CA par taux'!A202 -> K32 | B202: DROIT AU BAIL
A203: =+'[1]CA par taux'!A203 -> K32 | B203: FONDS DE COMMERCE
A204: =+'[1]CA par taux'!A204 -> K32 | B204: MAT.INDUST.COMMER.
A205: =+'[1]CA par taux'!A205 -> K32 | B205: I.A.A. FONC. DIVERS
A206: =+'[1]CA par taux'!A206 -> K32 | B206: I.A.A .DIV. TAXE PRO
A207: =+'[1]CA par taux'!A207 -> K32 | B207: MAT.INFORMATIQUE
A208: =+'[1]CA par taux'!A208 -> K32 | B208: MAT.MOB.BUREAU
A209: =+'[1]CA par taux'!A209 -> K32 | B209: ACOMPT. IMMOS CORPO.
A210: =+'[1]CA par taux'!A210 -> K32 | B210: ACOMPTES IMMO INCORP
A211: =+'[1]CA par taux'!A211 -> K32 | B211: ACH. MAT.CONSOMMABLE
A212: =+'[1]CA par taux'!A212 -> K32 | B212: ACHATS D'EMBALLAGES
... A306: =+'[1]CA par taux'!A306 -> K32 | B306: PREST.SECURITE
A307: =+'[1]CA par taux'!A307 -> K32
A308: =+'[1]CA par taux'!A308 -> K32
A309: =+'[1]CA par taux'!A309 -> K32
A310: =+'[1]CA par taux'!A310 -> K32
A311: =+'[1]CA par taux'!A311 -> K32
A312: =+'[1]CA par taux'!A312 -> K32
A313: =+'[1]CA par taux'!A313 -> K32
A314: =+'[1]CA par taux'!A314 -> K32
A315: =+'[1]CA par taux'!A315 -> K32
A316: =+'[1]CA par taux'!A316 -> K32
A317: =+'[1]CA par taux'!A317 -> K32
A318: =+'[1]CA par taux'!A318 -> K32
... A400: =+'[1]CA par taux'!A400 -> K32
A401: =+'[1]CA par taux'!A401 -> K46 | B401: LOGICIELS
A402: =+'[1]CA par taux'!A402 -> K46 | B402: DROIT AU BAIL
A403: =+'[1]CA par taux'!A403 -> K46 | B403: FONDS DE COMMERCE
A404: =+'[1]CA par taux'!A404 -> K46 | B404: MAT.INDUST.COMMER.
A405: =+'[1]CA par taux'!A405 -> K46 | B405: I.A.A. FONC. DIVERS
A406: =+'[1]CA par taux'!A406 -> K46 | B406: I.A.A .DIV. TAXE PRO
A407: =+'[1]CA par taux'!A407 -> K46 | B407: MAT.INFORMATIQUE
A408: =+'[1]CA par taux'!A408 -> K46 | B408: MAT.MOB.BUREAU
A409: =+'[1]CA par taux'!A409 -> K46 | B409: ACOMPT. IMMOS CORPO.
A410: =+'[1]CA par taux'!A410 -> K46 | B410: ACOMPTES IMMO INCORP
A411: =+'[1]CA par taux'!A411 -> K46 | B411: ACH. MAT.CONSOMMABLE
A412: =+'[1]CA par taux'!A412 -> K46 | B412: ACHATS D'EMBALLAGES
... A506: =+'[1]CA par taux'!A506 -> K46 | B506: PREST.SECURITE
A507: =+'[1]CA par taux'!A507 -> K46
A508: =+'[1]CA par taux'!A508 -> K46
A509: =+'[1]CA par taux'!A509 -> K46
A510: =+'[1]CA par taux'!A510 -> K46
A511: =+'[1]CA par taux'!A511 -> K46
A512: =+'[1]CA par taux'!A512 -> K46
A513: =+'[1]CA par taux'!A513 -> K46
A514: =+'[1]CA par taux'!A514 -> K46
A515: =+'[1]CA par taux'!A515 -> K46
A516: =+'[1]CA par taux'!A516 -> K46
A517: =+'[1]CA par taux'!A517 -> K46
A518: =+'[1]CA par taux'!A518 -> K46
... A600: =+'[1]CA par taux'!A600 -> K46
A601: =+'[1]CA par taux'!A601 -> K49 | B601: LOGICIELS
A602: =+'[1]CA par taux'!A602 -> K49 | B602: DROIT AU BAIL
A603: =+'[1]CA par taux'!A603 -> K49 | B603: FONDS DE COMMERCE
A604: =+'[1]CA par taux'!A604 -> K49 | B604: MAT.INDUST.COMMER.
A605: =+'[1]CA par taux'!A605 -> K49 | B605: I.A.A. FONC. DIVERS
A606: =+'[1]CA par taux'!A606 -> K49 | B606: I.A.A .DIV. TAXE PRO
A607: =+'[1]CA par taux'!A607 -> K49 | B607: MAT.INFORMATIQUE
A608: =+'[1]CA par taux'!A608 -> K49 | B608: MAT.MOB.BUREAU
A609: =+'[1]CA par taux'!A609 -> K49 | B609: ACOMPT. IMMOS CORPO.
A610: =+'[1]CA par taux'!A610 -> K49 | B610: ACOMPTES IMMO INCORP
A611: =+'[1]CA par taux'!A611 -> K49 | B611: ACH. MAT.CONSOMMABLE
A612: =+'[1]CA par taux'!A612 -> K49 | B612: ACHATS D'EMBALLAGES
... A706: =+'[1]CA par taux'!A706 -> K49 | B706: PREST.SECURITE
A707: =+'[1]CA par taux'!A707 -> K49
A708: =+'[1]CA par taux'!A708 -> K49
A709: =+'[1]CA par taux'!A709 -> K49
A710: =+'[1]CA par taux'!A710 -> K49
...

Sheet CA par taux
B1: 3
B2: Code TVA
A4: 427 | B4: VTES DECHETS
A5: 427 | B5: VTES DECHETS
A6: 427 | B6: PALETTE ET DECHETS
A7: 427 | B7: AUTRES PRESTATIONS
A8: 427 | B8: PREST. ADMINISTRATIV
A9: 427 | B9: PREST. ADMINISTRATIV
A10: 427 | B10: COUT VAR.PREST.LOG.
A11: 427 | B11: COUT VAR.PREST.LOG.
A12: 427 | B12: AUTR. REVENUS (FPLP)
A13: 427 | B13: SCI PREST. LOC. IMM.
A14: 427 | B14: SCI PREST. LOC. IMM.
A15: 427 | B15: VENTES MARCHANDISES
... A158: 427 | B158: TR.CH./RESTRUCTURAT.
A159: 427 | B159: 0
A160: 427 | B160: 0
A161: 427 | B161: 0
A162: 427 | B162: 0
A163: 427 | B163: 0
A164: 427 | B164: 0
A165: 427 | B165: 0
A166: 427 | B166: 0
A167: 427 | B167: 0
A168: 427 | B168: 0
A169: 427 | B169: 0
A170: 427 | B170: 0
... A173: 427 | B173: 0
A174: 427
A175: 427
A176: 427
A177: 427
A178: 427
A179: 427
A180: 427
A181: 427
A182: 427
A183: 427
A184: 427
A185: 427
... A200: 427
A201: K32 | B201: VTES DECHETS
A202: K32 | B202: VTES DECHETS
A203: K32 | B203: PALETTE ET DECHETS
A204: K32 | B204: AUTRES PRESTATIONS
A205: K32 | B205: PREST. ADMINISTRATIV
A206: K32 | B206: PREST. ADMINISTRATIV
A207: K32 | B207: COUT VAR.PREST.LOG.
A208: K32 | B208: COUT VAR.PREST.LOG.
A209: K32 | B209: AUTR. REVENUS (FPLP)
A210: K32 | B210: SCI PREST. LOC. IMM.
A211: K32 | B211: SCI PREST. LOC. IMM.
A212: K32 | B212: VENTES MARCHANDISES
... A355: K32 | B355: TR.CH./RESTRUCTURAT.
A356: K32 | B356: 0
A357: K32 | B357: 0
A358: K32 | B358: 0
A359: K32 | B359: 0
A360: K32 | B360: 0
A361: K32 | B361: 0
A362: K32 | B362: 0
A363: K32 | B363: 0
A364: K32 | B364: 0
A365: K32 | B365: 0
A366: K32 | B366: 0
A367: K32 | B367: 0
... A370: K32 | B370: 0
A371: K32
A372: K32
A373: K32
A374: K32
A375: K32
A376: K32
A377: K32
A378: K32
A379: K32
A380: K32
A381: K32
A382: K32
... A400: K32
A401: K46 | B401: VTES DECHETS
A402: K46 | B402: VTES DECHETS
A403: K46 | B403: PALETTE ET DECHETS
A404: K46 | B404: AUTRES PRESTATIONS
A405: K46 | B405: PREST. ADMINISTRATIV
A406: K46 | B406: PREST. ADMINISTRATIV
A407: K46 | B407: COUT VAR.PREST.LOG.
A408: K46 | B408: COUT VAR.PREST.LOG.
A409: K46 | B409: AUTR. REVENUS (FPLP)
A410: K46 | B410: SCI PREST. LOC. IMM.
A411: K46 | B411: SCI PREST. LOC. IMM.
A412: K46 | B412: VENTES MARCHANDISES
... A555: K46 | B555: TR.CH./RESTRUCTURAT.
A556: K46 | B556: 0
A557: K46 | B557: 0
A558: K46 | B558: 0
A559: K46 | B559: 0
A560: K46 | B560: 0
A561: K46 | B561: 0
A562: K46 | B562: 0
...

Sheet TVA
A1: W18 | C1: A | D1: Montant des opérations réalisés
D2: Operations imposables | K2: Operations non imposables
B3: Mois a renseigner | C3: 01 | D3: Ventes prestations de service | J3: 04 | K3: Exportations Hors CE
B4: JUIN | C4: 02 | D4: Autres opérations imposables | J4: 05 | K4: Autres opérations non imposables
C5: 2A | D5: Achats de prestations de services intracommunautaires (article 283-2 du Code général des impôts) | J5: 06 | K5: Livraison intraco
B6: 427 | C6: 2B | D6: Importations (entreprises ayant opté pour le dispositif d'autoliquidation de la TVA à l'importation) | J6: 5A | K6: Ventes à distance
C7: 03 | D7: Acquisitions intracommunautaires
D8: Dont ventes à distance et/ou opérations de montage : | J8: 6A | K8: Livraison électricité, gaz, chaleur ou frois non imposable en France
C9: 3A | D9: Livraisons d'électricité, de gaz naturel, de chaleur ou de froid imposables en France | J9: 07 | K9: achats en franchise
B10: Montant base TVA a 2,10 à renseigner en annexe 3310 A | C10: 3B | D10: Achats de biens ou de prestations de services réalisés auprès d'un assujetti non établi en France (article 283-1 du Code général des impôts) | J10: 7A | K10: Ventes de biens ou de prestations de services réalisés auprès d'un assujetti non établi en France
C11: 3C | D11: Régularisations | J11: 7B | K11: Régularisations
D12: Total opérations imposables (sans la ligne 3C) | K12: Total opérations non imposables
C13: B | D13: Décompte de la tva à payer
I14: TVA brute | J14: Base HT
I15: Opérations réalisées en France métropolitaine :
H16: 08 | I16: Taux réduit 20 %
H17: 09 | I17: Taux réduit 5,5 %
H18: 9B | I18: Taux réduit 10 %
I19: Opérations réalisées dans les DOM :
H20: 10 | I20: Taux normal 8,5 %
H21: 11 | I21: Taux réduit 2,1 %
I22: Opérations imposables à un autre taux | N22: ZONE A COPIER DANS OPTIM IS
H23: 13 | I23: Ancien taux
H24: 14 | I24: Taux particulier (2,10)
H25: 15 | I25: TVA antérieurement déduite à reverser
H26: 5B | I26: Somme à y ajouter, y compris congés
J27: 16 | K27: TOTAL DE LA TVA BRUTE DUE (somme des lignes 08 a 5B) | L27: =SUM(L16:L18)+SUM(L20:L21)+SUM(L23:L26) -> 0
J28: 7C | K28: Dont TVA sur importations soumises au régime d'auto-liquidation
J29: 17 | K29: Dont TVA sur acquisition intraco | L29: =+SUMIFS([1]CA3!AO:AO,[1]CA3!$A:$A,TVA!$B$4,[1]CA3!$C:$C,TVA!$A$1) -> 0
J30: 18 | K30: Dont TVA sur opérations à destination de Monaco
K31: TVA déductible
J32: 19 | K32: Biens constituant des immobilisations
J33: 20 | K33: Autres biens et services
J34: 20B | K34: DONT : Autoliquidation TVA sur opérations intracommunautaires :
J35: 21 | K35: Autre TVA à déduire | L35: =+SUMIFS([1]CA3!AQ:AQ,[1]CA3!$A:$A,TVA!$B$4,[1]CA3!$C:$C,TVA!$A$1) -> 0
D36: (Dont régularisation sur de la TVA collectée :
J37: 22 | K37: Report du crédit apparaissant ligne 27 de la précédente déclaration | L37: =+SUMIFS([1]CA3!AS:AS,[1]CA3!$A:$A,TVA!$B$4,[1]CA3!$C:$C,TVA!$A$1) -> 0
J38: 2C | K38: Somme à imputer, y compris congés
J39: 23 | K39: TOTAL TVA DEDUCTIBLE (ligne 19 à 2C)
J40: 24 | K40: Dont TVA non perçue récupérable par les assujettis disposants d'un établissement stable dans les DOM
D41: CREDIT | K41: TAXE A PAYER
C42: 25 | D42: CREDIT DE TVA (ligne 23 - ligne 16) | J42: 28 | K42: TVA NETTE DUE (ligne 16 - 23)
C43: 26 | D43: Remboursement de crédit demandé sur formulaire n° 3519 joint | J43: 29
C44: AA | D44: Crédit de TVA transféré à la société tête de groupe sur la déclaration récapitulative 3310-CA3G | J44: AB
C45: 27 | D45: Crédit à reporter (ligne 25 - ligne 26 - ligne AA) (Cette somme est à reporter ligne 22 de la prochaine déclaration) | J45: 32 | K45: TOTAL A PAYER (ligne 28 + 29 - AB)
B48: =+L47-L42 -> 0
